3AAA
ELLENBURG FIGHTING DACHSUNDS @ BLOOMINGTON LONGNECKS
07/16/2028
 
TOP OF THE 1ST
Ellenburg Fighting Dachsunds batting - Pitching for Bloomington Longnecks : RHP Antonio Godfrey
Pitching: RHP Antonio Godfrey
Batting: RHB Norman Winston 0-0: Ball
1-0: SINGLE (Groundball, 6M) (infield hit)
Batting: RHB José Vázquez 0-0: Called Strike
0-1: Ball
1-1: Ball
2-1: Called Strike
2-2: Strikes out swinging
Batting: RHB Héctor Rivera 0-0: Called Strike
0-1: Swinging Strike
0-2: Ball
Norman Winston steals 2nd base
1-2: Ball
2-2: Fly out, F8 (Flyball, 78XD)
Runner from 2nd tags up, SAFE at 3rd, no throw
Batting: RHB Preston Hernández 0-0: Swinging Strike
0-1: Hit by Pitch
Batting: RHB Jack Burton 0-0: Fly out, F8 (Flyball, 78D)
Top of the 1st over - 0 run(s), 1 hit(s), 0 error(s), 2 left on base; Ellenburg 0 - Bloomington 0
BOTTOM OF THE 1ST
Bloomington Longnecks batting - Pitching for Ellenburg Fighting Dachsunds : RHP Rob Silva
Pitching: RHP Rob Silva
Batting: LHB Shahid Afridi 0-0: Called Strike
0-1: Ball
1-1: Ground out 4-3 (Groundball, 4)
Batting: RHB Mark Smiley 0-0: Ball
1-0: Ball
2-0: Ground out 3-1 (Groundball, 34)
Batting: RHB Dave Farr 0-0: Foul Ball, location: 2F
0-1: SINGLE (Line Drive, 4D)
Batting: SHB Eddie Ménard 0-0: Ball
1-0: Called Strike
1-1: Called Strike
1-2: Fly out, F4 (Popup, 34D)
Bottom of the 1st over - 0 run(s), 1 hit(s), 0 error(s), 1 left on base; Ellenburg 0 - Bloomington 0
TOP OF THE 2ND
Ellenburg Fighting Dachsunds batting - Pitching for Bloomington Longnecks : RHP Antonio Godfrey
Batting: LHB José Ortega 0-0: Called Strike
0-1: Ball
1-1: Ball
2-1: Ground out 3-1 (Groundball, 34)
Batting: LHB Jorge Flores 0-0: Called Strike
0-1: Ball
1-1: Swinging Strike
1-2: Ball
2-2: Strikes out swinging
Batting: RHB Marty Jennings 0-0: Ball
1-0: Ball
2-0: Ball
3-0: Base on Balls
Batting: RHB Roy Bowman 0-0: Foul Ball, location: 2F
0-1: Ball
1-1: Called Strike
1-2: SINGLE (Line Drive, 89S)
Marty Jennings to second
Batting: RHB Norman Winston 0-0: Called Strike
0-1: Ball
1-1: Foul Ball, location: 2F
1-2: Foul Ball, location: 2F
1-2: Ball
2-2: Fly out, F7 (Flyball, 78M)
Top of the 2nd over - 0 run(s), 1 hit(s), 0 error(s), 2 left on base; Ellenburg 0 - Bloomington 0
BOTTOM OF THE 2ND
Bloomington Longnecks batting - Pitching for Ellenburg Fighting Dachsunds : RHP Rob Silva
Batting: RHB Darrell Terwey 0-0: Ball
1-0: Ball
2-0: Ground out 6-3 (Groundball, 6M)
Batting: LHB Luis Velázquez 0-0: Fly out, F7 (Line Drive, 78M)
Batting: RHB Sean Davis 0-0: Ball
1-0: Swinging Strike
1-1: SINGLE (Flyball, 8RS)
Batting: RHB Carlos Cardona 0-0: Called Strike
0-1: Ball
1-1: Ball
2-1: SINGLE (Line Drive, 4MD)
Sean Davis to second
Batting: LHB Shang-de Zhang 0-0: Called Strike
0-1: Called Strike
0-2: Ball
1-2: Ball
2-2: Ball
3-2: Ground out 3-1 (Groundball, 23)
Bottom of the 2nd over - 0 run(s), 2 hit(s), 0 error(s), 2 left on base; Ellenburg 0 - Bloomington 0
TOP OF THE 3RD
Ellenburg Fighting Dachsunds batting - Pitching for Bloomington Longnecks : RHP Antonio Godfrey
Batting: RHB José Vázquez 0-0: Ball
1-0: Ball
2-0: Called Strike
2-1: Ground out 6-3 (Groundball, 6)
Batting: RHB Héctor Rivera 0-0: Ball
1-0: Ball
2-0: Ball
3-0: Called Strike
3-1: Called Strike
3-2: Foul Ball, location: 2F
3-2: Base on Balls
Batting: RHB Preston Hernández 0-0: Ball
1-0: SINGLE (Groundball, 34D)
Héctor Rivera to second
Runner from 2nd tries for 3rd, SAFE, throw made to third
Batting: RHB Jack Burton 0-0: Ball
1-0: Foul Ball, location: 2F
1-1: Foul Ball, location: 2F
1-2: Foul Ball, location: 2F
1-2: Grounds into double play, 4-6-3 (Groundball, 4)
Top of the 3rd over - 0 run(s), 1 hit(s), 0 error(s), 1 left on base; Ellenburg 0 - Bloomington 0
BOTTOM OF THE 3RD
Bloomington Longnecks batting - Pitching for Ellenburg Fighting Dachsunds : RHP Rob Silva
Batting: LHB Shahid Afridi 0-0: Fly out, F8 (Flyball, 8RS)
Batting: RHB Mark Smiley 0-0: Ball
1-0: Ball
2-0: Ball
3-0: Called Strike
3-1: Foul Ball, location: 2F
3-2: Base on Balls
Batting: RHB Dave Farr 0-0: Ball
1-0: Fly out, F9 (Flyball, 9LS)
Batting: SHB Eddie Ménard 0-0: Ball
1-0: Ball
2-0: SINGLE (Groundball, 34D)
Mark Smiley to second
Runner from 2nd tries for 3rd, SAFE, throw made to third
Batting: RHB Darrell Terwey 0-0: Fly out, F8 (Flyball, 89M)
Bottom of the 3rd over - 0 run(s), 1 hit(s), 0 error(s), 2 left on base; Ellenburg 0 - Bloomington 0
TOP OF THE 4TH
Ellenburg Fighting Dachsunds batting - Pitching for Bloomington Longnecks : RHP Antonio Godfrey
Batting: LHB José Ortega 0-0: Called Strike
0-1: Ball
1-1: Ground out 4-3 (Groundball, 34D)
Batting: LHB Jorge Flores 0-0: Ground out 6-3 (Groundball, 6)
Batting: RHB Marty Jennings 0-0: Foul Ball, location: 2F
0-1: Ground out 6-3 (Groundball, 6)
Top of the 4th over - 0 run(s), 0 hit(s), 0 error(s), 0 left on base; Ellenburg 0 - Bloomington 0
BOTTOM OF THE 4TH
Bloomington Longnecks batting - Pitching for Ellenburg Fighting Dachsunds : RHP Rob Silva
Batting: LHB Luis Velázquez 0-0: Fly out, F8 (Flyball, 8RM)
Batting: RHB Sean Davis 0-0: Ground out 6-3 (Groundball, 6)
Batting: RHB Carlos Cardona 0-0: Called Strike
0-1: SINGLE (Groundball, 6M) (infield hit)
Batting: LHB Shang-de Zhang 0-0: Foul Ball, location: 2F
0-1: Ball
1-1: SINGLE (Line Drive, 34D)
Carlos Cardona to second
Batting: LHB Shahid Afridi 0-0: Ball
1-0: Ball
2-0: Called Strike
2-1: Fly out, F7 (Flyball, 7LM)
Bottom of the 4th over - 0 run(s), 2 hit(s), 0 error(s), 2 left on base; Ellenburg 0 - Bloomington 0
TOP OF THE 5TH
Ellenburg Fighting Dachsunds batting - Pitching for Bloomington Longnecks : RHP Antonio Godfrey
Batting: RHB Roy Bowman 0-0: Called Strike
0-1: Foul Ball, location: 2F
0-2: Ball
1-2: Hit by Pitch
Batting: RHB Norman Winston 0-0: Sac Bunt - play at first, batter OUT! 2-3
Roy Bowman to second
Batting: RHB José Vázquez 0-0: Ball
1-0: Ball
Passed Ball!
Roy Bowman to third
2-0: Called Strike
2-1: Foul Ball, location: 2F
2-2: Ball
3-2: Strikes out swinging
Batting: RHB Héctor Rivera 0-0: Ball
1-0: Called Strike
1-1: Foul Ball, location: 2F
1-2: Ball
2-2: Strikes out swinging
Top of the 5th over - 0 run(s), 0 hit(s), 0 error(s), 1 left on base; Ellenburg 0 - Bloomington 0
BOTTOM OF THE 5TH
Bloomington Longnecks batting - Pitching for Ellenburg Fighting Dachsunds : RHP Rob Silva
Batting: RHB Mark Smiley 0-0: Foul Ball, location: 2F
0-1: Ball
1-1: Foul Ball, location: 2F
1-2: Ball
2-2: Fly out, F9 (Flyball, 9S)
Batting: RHB Dave Farr 0-0: Ball
1-0: Fly out, F9 (Flyball, 9LS)
Batting: SHB Eddie Ménard 0-0: Swinging Strike
0-1: Foul Ball, location: 2F
0-2: Fly out, F7 (Flyball, 7S)
Bottom of the 5th over - 0 run(s), 0 hit(s), 0 error(s), 0 left on base; Ellenburg 0 - Bloomington 0
TOP OF THE 6TH
Ellenburg Fighting Dachsunds batting - Pitching for Bloomington Longnecks : RHP Antonio Godfrey
Batting: RHB Preston Hernández 0-0: Ball
1-0: Called Strike
1-1: Ball
2-1: Ball
3-1: Called Strike
3-2: Ground out 5-3 (Groundball, 56S)
Batting: RHB Jack Burton 0-0: SINGLE (Groundball, 34S) (infield hit)
Batting: LHB José Ortega 0-0: Ball
1-0: Foul Ball, location: 2F
1-1: Ball
2-1: Fly out, F7 (Line Drive, 7)
Batting: LHB Jorge Flores 0-0: Called Strike
0-1: Ball
1-1: Ball
2-1: Ball
3-1: Base on Balls
Jack Burton to second
Batting: RHB Marty Jennings 0-0: Ball
1-0: Ball
2-0: Called Strike
2-1: Ball
3-1: Fly out, F5 (Line Drive, 56)
Top of the 6th over - 0 run(s), 1 hit(s), 0 error(s), 2 left on base; Ellenburg 0 - Bloomington 0
BOTTOM OF THE 6TH
Bloomington Longnecks batting - Pitching for Ellenburg Fighting Dachsunds : RHP Rob Silva
Batting: RHB Darrell Terwey 0-0: Called Strike
0-1: Ball
1-1: Fly out, F7 (Flyball, 7D)
Batting: LHB Luis Velázquez 0-0: Called Strike
0-1: Foul Ball, location: 2F
0-2: Fly out, F7 (Flyball, 7LD)
Batting: RHB Sean Davis 0-0: Ball
1-0: Ball
2-0: Foul Ball, location: 2F
2-1: SINGLE (Flyball, 6MD)
Batting: RHB Carlos Cardona 0-0: Called Strike
0-1: Called Strike
0-2: SINGLE (Line Drive, 34D)
Sean Davis to second
Batting: LHB Shang-de Zhang 0-0: Ball
1-0: Called Strike
1-1: Ball
2-1: Swinging Strike
2-2: Foul Ball, location: 2F
2-2: Strikes out swinging
Bottom of the 6th over - 0 run(s), 2 hit(s), 0 error(s), 2 left on base; Ellenburg 0 - Bloomington 0
TOP OF THE 7TH
Ellenburg Fighting Dachsunds batting - Pitching for Bloomington Longnecks : RHP Antonio Godfrey
Batting: RHB Roy Bowman 0-0: Ground out 5-3 (Groundball, 5L)
Batting: RHB Norman Winston 0-0: Called Strike
0-1: Swinging Strike
0-2: Strikes out looking
Batting: RHB José Vázquez 0-0: Ball
1-0: Foul Ball, location: 2F
1-1: Ball
2-1: Foul Ball, location: 2F
2-2: Fly out, F7 (Flyball, 78M)
Top of the 7th over - 0 run(s), 0 hit(s), 0 error(s), 0 left on base; Ellenburg 0 - Bloomington 0
BOTTOM OF THE 7TH
Bloomington Longnecks batting - Pitching for Ellenburg Fighting Dachsunds : RHP Rob Silva
Batting: LHB Shahid Afridi 0-0: Called Strike
0-1: Called Strike
0-2: Ball
1-2: Ball
2-2: Strikes out swinging
Batting: RHB Mark Smiley 0-0: Ball
1-0: Foul Ball, location: 2F
1-1: Fly out, F9 (Flyball, 89M)
Pinch Hitting: SHB Eugene Bentley 0-0: Foul Ball, location: 2F
0-1: Ball
1-1: Ball
2-1: SINGLE (Groundball, 6M) (infield hit)
Batting: SHB Eddie Ménard 0-0: Ball
1-0: Foul Ball, location: 2F
1-1: Fly out, F8 (Flyball, 8RD)
Bottom of the 7th over - 0 run(s), 1 hit(s), 0 error(s), 1 left on base; Ellenburg 0 - Bloomington 0
TOP OF THE 8TH
Ellenburg Fighting Dachsunds batting - Pitching for Bloomington Longnecks : RHP Antonio Godfrey
Now at 2B: Mauro López
Batting: RHB Héctor Rivera 0-0: Called Strike
0-1: Foul Ball, location: 2F
0-2: Ball
1-2: Strikes out swinging
Batting: RHB Preston Hernández 0-0: Called Strike
0-1: Ball
1-1: Swinging Strike
1-2: Foul Ball, location: 2F
1-2: Ball
2-2: Strikes out looking
Batting: RHB Jack Burton 0-0: Ball
1-0: Swinging Strike
1-1: Called Strike
1-2: Ball
2-2: Strikes out swinging
Top of the 8th over - 0 run(s), 0 hit(s), 0 error(s), 0 left on base; Ellenburg 0 - Bloomington 0
BOTTOM OF THE 8TH
Bloomington Longnecks batting - Pitching for Ellenburg Fighting Dachsunds : RHP Rob Silva
Pinch Hitting: LHB Ray Anderson 0-0: Swinging Strike
0-1: SOLO HOME RUN (Flyball, 8RXD), Distance : 426 ft
Batting: LHB Luis Velázquez 0-0: Ball
1-0: Ground out 1-3 (Groundball, 15S)
Batting: RHB Sean Davis 0-0: Fly out, F7 (Line Drive, 7D)
Batting: RHB Carlos Cardona 0-0: Fly out, F4 (Line Drive, 4)
Bottom of the 8th over - 1 run(s), 1 hit(s), 0 error(s), 0 left on base; Ellenburg 0 - Bloomington 1
TOP OF THE 9TH
Ellenburg Fighting Dachsunds batting - Pitching for Bloomington Longnecks : RHP Antonio Godfrey
Pitching: RHP Richard Sykes
Now in LF: Ray Anderson
Batting: LHB José Ortega 0-0: Ball
1-0: Ball
2-0: Ball
3-0: Base on Balls
Batting: LHB Jorge Flores 0-0: Bunted foul
0-1: Bunt missed!
0-2: Ball
1-2: Fly out, F9 (Flyball, 9S)
Batting: RHB Marty Jennings 0-0: Called Strike
0-1: Called Strike
0-2: Strikes out swinging
Batting: RHB Roy Bowman 0-0: Called Strike
0-1: Ball
1-1: Ball
2-1: Reached on error, E5 (Groundball, 56)
José Ortega to second
Batting: RHB Norman Winston 0-0: Ball
1-0: Ball
2-0: Ball
3-0: Base on Balls
José Ortega to third
Roy Bowman to second
Batting: RHB José Vázquez 0-0: Called Strike
0-1: Called Strike
0-2: Strikes out looking
Top of the 9th over - 0 run(s), 0 hit(s), 1 error(s), 3 left on base; Ellenburg 0 - Bloomington 1
Wednesday, August 16th, 2017 - OOTP Baseball 17.12 Build 75